 Dungeon Crawl Stone Soup version 0.30.0-19-g36f170ea60 (webtiles) character file.

Game seed: 15137186836648814686

889 Irreverend the Shooter (level 7, -7/61 HPs)
             Began as a Minotaur Hunter on May 29, 2023.
             Was a Believer of Okawaru.
             Mangled by Pikel
             ... wielding a +2 whip of flaming
              (10 damage)
             ... on level 5 of the Dungeon.
             The game lasted 00:04:41 (3787 turns).

Irreverend the Shooter (Minotaur Hunter)            Turns: 3787, Time: 00:04:42

Health: -7/61      AC:  6    Str: 16    XL:     7   Next: 77%
Magic:  6/6        EV: 12    Int:  6    God:    Okawaru [**....]
Gold:   100        SH:  0    Dex: 15    Spells: 6/6 levels left

rFire   . . .        a - +0 shortbow
rCold   . . .        (shield currently unavailable)
rNeg    . . .        o - +0 ring mail
rPois   .            (helmet restricted)
rElec   .            (no cloak)
rCorr   .            (no gloves)
SInv    +            (no boots)
Will    .....        (no amulet)
Stlth   +            i - ring of see invisible
HPRegen 0.30/turn    (no ring)
MPRegen 0.10/turn

%: no passive effects
@: mighty
A: horns 2, retaliatory headbutt
a: Renounce Religion, Heroism


You were on level 5 of the Dungeon.
You worshipped Okawaru.
Okawaru was pleased with you.
You visited 1 branch of the dungeon, and saw 5 of its levels.

You collected 100 gold pieces.

Inventory:

Hand Weapons
 a - a +0 shortbow (weapon)
Armour
 c - a +0 leather armour
 o - a +0 ring mail (worn)
Jewellery
 i - a ring of see invisible (left hand)
 j - a ring of wizardry
Wands
 l - a wand of paralysis (3)
Scrolls
 b - 3 scrolls of immolation
 d - 3 scrolls of teleportation {unknown}
 e - a scroll of amnesia {unknown}
 f - a scroll of enchant weapon {unknown}
 g - 3 scrolls of poison {unknown}
 h - 6 scrolls of identify {unknown}
 m - a scroll of fog {unknown}
 n - a scroll of blinking {unknown}
 p - a scroll of silence {unknown}
Potions
 k - a potion of flight {unknown}
 q - a potion of curing {unknown}
 s - a potion of ambrosia {unknown}


   Skills:
 + Level 5.2 Fighting
 * Level 7.5 Ranged Weapons
 + Level 4.5 Armour
 + Level 4.7 Dodging
 - Level 0.7 Stealth


You had 6 spell levels left.
You didn't know any spells.
Your spell library contained the following spells:

 Spells                   Type           Power      Damage    Failure   Level
 Vhi's Electric Charge    Tloc/Air       0%         N/A       95%         3
 Arcjolt                  Conj/Air       0%         1d10      100%        5
 Plasma Beam              Fire/Air       0%         2x1d11    100%        6


Dungeon Overview and Level Annotations

Branches:
Dungeon (5/15)
 Temple: D:4-7

Altars:
Cheibriados
Okawaru

Shops:
D:2 :

Annotations:
D:5 Grinder, Pikel


Innate Abilities, Weirdness & Mutations

You have a pair of horns on your head.
You reflexively headbutt those who attack you in melee.


Message History

You are too injured to fight recklessly!
You are too injured to fight recklessly!
You are too injured to fight recklessly!
You are too injured to fight recklessly!
You are too injured to fight recklessly!
You are too injured to fight recklessly!
You are too injured to fight recklessly!
You are too injured to fight recklessly!
You are too injured to fight recklessly!
You are too injured to fight recklessly!
You are too injured to fight recklessly!
You are too injured to fight recklessly!
You are too injured to fight recklessly!
You shoot an arrow. The arrow barely misses Pikel.
The arrow barely misses the lemure.
Grinder shouts!
Pikel hits you with a +2 whip of flaming.
Pikel burns you.
You shoot an arrow. The arrow barely misses Pikel.
The arrow hits the lemure.
The lemure is heavily wounded.
Pikel hits you with a +2 whip of flaming!
* * * LOW HITPOINT WARNING * * *
Pikel burns you.
* * * LOW HITPOINT WARNING * * *
Grinder blinks!
A lemure comes into view.
You shoot an arrow.
The arrow hits Pikel but does no damage.
Pikel is heavily wounded.
Pikel barely misses you. You furiously retaliate!
You headbutt Pikel.
Grinder blinks!
You shoot an arrow. The arrow hits Pikel.
Pikel is severely wounded.
Pikel hits you with a +2 whip of flaming!
* * * LOW HITPOINT WARNING * * *
Pikel burns you.
* * * LOW HITPOINT WARNING * * *
You feel very mighty all of a sudden.
Pikel hits you with a +2 whip of flaming!
You die...

..... #.... #....
#.... ...5 #55
###K###+###+###
#..#@......#..#
#..#.......#..####♣ ~
+..'###+###'..+... ♣~
#..#.'...'.#..#..# ~P
#..#.#...#.#..##.#~~P
+##+.#._.#.+##'..#~~P
#.#...#.#..#...♣P~
#.+...+.#..##.#~~P
+###+###'..'....P♣


You could see Pikel and 3 lemures.

Vanquished Creatures
  Sigmund (D:4)
  Edmund (D:5)
  Menkaure (D:4)
  A black bear (D:4)
  A phantom (D:4)
  2 scorpions
  3 hounds (D:4)
  A sleepcap (D:3)
  2 adders
  2 worms
  2 dart slugs (D:1)
  5 orcs
  3 bats (D:1)
  5 endoplasms
  A giant cockroach (D:2)
  6 goblins
  6 hobgoblins
  7 jackals
  2 ball pythons
  2 frilled lizards
  7 kobolds
  5 rats
66 creatures vanquished.

Notes
Turn   | Place    | Note
-------+----------+-------------------------------------------
     0 | D:1      | Irreverend the Minotaur Hunter began the quest for the Orb.
     0 | D:1      | Reached XP level 1. HP: 18/18 MP: 0/0
   215 | D:1      | Reached XP level 2. HP: 25/25 MP: 1/1
   568 | D:1      | Reached skill level 1 in Armour
   896 | D:2      | Reached XP level 3. HP: 30/30 MP: 2/2
  1125 | D:2      | Found Tid Dink's Book Boutique.
  1294 | D:2      | Reached skill level 5 in Ranged Weapons
  1470 | D:3      | Reached XP level 4. HP: 38/38 MP: 3/3
  1526 | D:3      | Found an iron altar of Okawaru.
  1531 | D:3      | Became a worshipper of Warmaster Okawaru
  1828 | D:3      | Noticed a scorpion
  1844 | D:3      | Killed a scorpion
  1845 | D:3      | Reached XP level 5. HP: 12/45 MP: 4/4
  2403 | D:4      | Noticed a phantom
  2414 | D:4      | Noticed a black bear
  2418 | D:4      | Killed a phantom
  2419 | D:4      | Reached skill level 6 in Ranged Weapons
  2419 | D:4      | Reached XP level 6. HP: 26/52 MP: 5/5
  2635 | D:4      | Reached * piety under Okawaru
  2731 | D:4      | Noticed Sigmund
  2759 | D:4      | Killed Sigmund
  2760 | D:4      | Reached XP level 7. HP: 27/60 MP: 6/6
  3218 | D:4      | Noticed Menkaure
  3236 | D:4      | Killed Menkaure
  3236 | D:4      | Reached ** piety under Okawaru
  3237 | D:4      | Reached skill level 7 in Ranged Weapons
  3697 | D:5      | Entered Level 5 of the Dungeon
  3701 | D:5      | Noticed Edmund
  3712 | D:5      | Reached skill level 5 in Fighting
  3717 | D:5      | Killed Edmund
  3755 | D:5      | Found a snail-covered altar of Cheibriados.
  3767 | D:5      | Noticed Pikel
  3782 | D:5      | Noticed Grinder
  3786 | D:5      | HP: 3/61 [Pikel/+2 whip of flaming (7)]
  3787 | D:5      | Mangled by Pikel

Illustrated notes

Levels and vault maps discovered:
D:1:      lightli_arrival_lavapool, layout_basic, hangedman_abyss_or_decor_stabs
D:2:      layout_loops_ring, serial_shops, shop
D:3:      layout_basic, okawaru_ov_weapons_minmay
D:4:      nicolae_cairo_tiling_large_dashed, layout_basic, uniq_sigmund,
          uniq_menkaure
D:5:      layout_basic, zin_purify, mainiacjoe_overflow_24_doors,
          minmay_temple_entry_hall, grunt_ministairs_14, serial_bayou_lake_a,
          uniq_duvessa, uniq_edmund, uniq_pikel, uniq_grinder

Skill      XL: |  1  2  3  4  5  6  7 |
---------------+----------------------+-----
Armour         | 1 2 3 4 |  4.5
Fighting       | 3 4 5 |  5.2
Ranged Weapons | 5 6 7 |  7.5
Dodging        | 3 4 |  4.7
Stealth        | |  0.7

Action                     |  1- 3 |  4- 6 |  7- 9 || total
---------------------------+-------+-------+-------++-------
   Fire: Shortbow          |    92 |   117 |    46 ||   255
 Invoke: Heroism           |       |       |     1 ||     1
  Evoke: Wand              |       |     1 |     5 ||     6
    Use: Potion            |       |     1 |     1 ||     2
 Armour: Leather armour    |     4 |     3 |       ||     7
         Ring mail         |       |    17 |     4 ||    21
  Dodge: Dodged            |    14 |    47 |     6 ||    67
